 Dungeon Crawl Stone Soup version 0.32-a0-616-g9348d4545b (webtiles) character file.

Game seed: 10572931553651436298

40 sleeves the Scratcher (level 3, -8/20 HPs)
             Began as a Felid Cinder Acolyte on Mar 6, 2024.
             Was a High Priest of Ignis.
             Mangled by Sigmund
             ... wielding a +0 scythe
              (10 damage)
             ... on level 2 of the Dungeon.
             The game lasted 00:02:17 (1206 turns).

sleeves the Scratcher (Felid Cinder Acolyte)        Turns: 1206, Time: 00:02:17

Health: -8/20      AC:  1    Str: 10    XL:     3   Next: 30%
Magic:  5/5        EV:  6    Int: 19    God:    Ignis [*****.]
Gold:   32         SH:  0    Dex: 11    Spells: 3/4 levels left
                                        Lives:  0   Deaths: 1

rFire   + .          .
                       - Unarmed
rCold   . . .        (shield unavailable)
rNeg    + . .        (body armour unavailable)
rPois   .            (helmet unavailable)
rElec   .            (cloak unavailable)
rCorr   .            (gloves unavailable)
SInv    +            (boots unavailable)
Will    .....        (no amulet)
Stlth   +            c - ring of positive energy
HPRegen 0.23/turn    (no ring)
MPRegen 0.09/turn

%: no passive effects
@: confused, constricted
A: very small, claws 1, fangs 3, see invisible, shaggy fur 1, stealthy paws, no
weapons or thrown items, no armour, multi-lived
a: Renounce Religion, Fiery Armour, Foxfire Swarm, Rising Flame


You were on level 2 of the Dungeon.
You worshipped Ignis.
Ignis was extremely pleased with you.
You visited 1 branch of the dungeon, and saw 2 of its levels.

You collected 32 gold pieces.

Inventory:

Jewellery
 c - a ring of positive energy (left paw)
   (You found it on level 1 of the Dungeon)
Scrolls
 a - a scroll of identify {unknown}
 d - 2 scrolls of poison {unknown}
 g - a scroll of noise {unknown}
 h - a scroll of fear {unknown}
Potions
 b - a potion of lignification {unknown}
 e - a potion of might {unknown}
 f - a potion of degeneration {unknown}


   Skills:
 - Level 3.0 Fighting
 - Level 2.0 Dodging
 + Level 2.7 Stealth
 - Level 3.0 Unarmed Combat
 - Level 1.0 Spellcasting
 + Level 1.4 Necromancy
 - Level 2.6 Fire Magic


You had 3 spell levels left.
You knew the following spells:

 Your Spells              Type           Power      Damage    Failure   Level
a - Necrotise             Necr           24%        1d5       11%         1

Your spell library contained the following spells:

 Spells                   Type           Power      Damage    Failure   Level
 Scorch                   Fire           22%        2d5       10%         2
 Kiss of Death            Conj/Necr      12%        2d6       14%         1
 Vampiric Draining        Necr           6%         2d6       32%         3
 Confusing Touch          Hex            0%         N/A       50%         3
 Dispel Undead            Necr           6%         3d8       71%         4
 Martyr's Knell           Necr/Summ      3%         N/A       80%         4
 Curse of Agony           Necr           6%         N/A       96%         5


Dungeon Overview and Level Annotations

Branches:
Dungeon (2/15)

Altars:

Shops:
D:2 (

Annotations:
D:2 Sigmund


Innate Abilities, Weirdness & Mutations

You have sharp claws.
You have razor-sharp teeth.
You have supernaturally acute eyesight. (SInv)
You are covered in fur. (AC +1)
Your paws help you pounce on unaware monsters.
You are incapable of wielding weapons or throwing items.
You cannot wear armour.
You gain extra lives every three experience levels.


Message History

Welcome, sleeves the Felid Cinder Acolyte.
Are you destined to find the transcendent Orb of Zot, or to die trying?
The flames of Ignis gently warm you.
Press ? for a list of commands and other information.
Found a scroll labelled MUSICU REBIEGH.
Found a staircase leading out of the dungeon.
a - a scroll labelled MUSICU REBIEGH A kobold comes into view.
It is wielding a +0 dagger.
The kobold shouts!
A kobold is nearby!
A kobold is nearby!
A kobold comes into view. It is wielding a +0 club.
You scratch the kobold.
You kill the kobold!
No target in view!
A bat comes into view.
A bat is nearby!
A kobold comes into view. It is wielding a +0 whip.
You pounce on the unaware helpless bat!
You claw the bat!
You kill the bat!
The kobold shouts!
The kobold throws a stone.
The stone misses you.
The kobold throws a stone.
The stone misses you.
Found a fuming pink potion.
The kobold barely misses you.
You completely miss the kobold. The kobold completely misses you.
You scratch the kobold but do no damage.
The kobold closely misses you.
You scratch the kobold.
You kill the kobold!
Your Stealth skill increases to level 1!
No target in view!
No target in view!
b - a fuming pink potion
Things that are here:
a +0 whip; a stone You now have 10 gold pieces.
A kobold comes into view. It is wielding a +0 dagger.
The kobold shouts!
A frilled lizard comes into view.
There are monsters nearby!
The frilled lizard hisses angrily.
The kobold throws a stone.
The stone completely misses you.
The kobold throws a stone.
The stone completely misses you.
Things that are here:
a +0 whip; a stone The frilled lizard bites you.
You closely miss the frilled lizard. The frilled lizard bites you.
You closely miss the frilled lizard. The frilled lizard closely misses you.
You scratch the frilled lizard.
You kill the frilled lizard!
The kobold throws a stone.
The stone hits you.
Your Dodging skill increases to level 1!
The kobold hits you with a +0 dagger.
* * * LOW HITPOINT WARNING * * *
You see here a frilled lizard corpse.
You are too injured to fight recklessly!
You are too injured to fight recklessly!
You are too injured to fight recklessly!
You completely miss the kobold. The kobold hits you with a +0 dagger.
* * * LOW HITPOINT WARNING * * *
You completely miss the kobold. The kobold closely misses you.
You closely miss the kobold. The kobold hits you with a +0 dagger.
* * * LOW HITPOINT WARNING * * *
You scratch the kobold. Your bite misses the kobold.
The kobold is moderately wounded.
The kobold hits you but does no damage.
You scratch the kobold but do no damage.
The kobold is moderately wounded.
You barely miss the kobold.
The kobold is moderately wounded.
The kobold barely misses you.
You closely miss the kobold.
The kobold is moderately wounded.
The kobold barely misses you.
You barely miss the kobold. Your bite misses the kobold.
The kobold is moderately wounded.
The kobold hits you with a +0 dagger.
* * * LOW HITPOINT WARNING * * *
You closely miss the kobold.
The kobold is moderately wounded.
The kobold hits you with a +0 dagger.
You die...
You rejoin the land of the living...
Unknown command.
You now have 18 gold pieces (gained 8).
A ball python comes into view.
You see here a book of Necromancy.
A ball python is nearby!
The helpless ball python fails to defend itself.
You claw the ball python!
You kill the ball python!
No target in view!
No target in view!
No target in view!
No target in view!
No target in view!
No target in view!
No target in view!
You pick up a book of Necromancy and begin reading...
You add the spells Necrotise, Vampiric Draining, Martyr's Knell and Curse of Agony to your library.
You see here a ball python corpse.
A bat comes into view.
A bat is nearby!
Found a stone staircase leading down.
The bat barely misses you.
You barely miss the bat. Your bite misses the bat.
The bat hits you but does no damage. The bat closely misses you.
You miss the bat. The bat completely misses you.
The bat hits you but does no damage.
You scratch the bat.
The bat is heavily wounded.
The bat hits you. The bat barely misses you.
You closely miss the bat.
The bat is heavily wounded.
The bat hits you but does no damage. The bat hits you.
The bat hits you but does no damage.
You barely miss the bat. Your bite misses the bat.
The bat is heavily wounded.
The bat closely misses you. The bat hits you.
Found a gilded ring.
The bat hits you.
You scratch the bat but do no damage. Your bite misses the bat.
The bat is heavily wounded.
The bat barely misses you. The bat hits you.
You scratch the bat.
You kill the bat!
No target in view!
No target in view!
No target in view!
No target in view!
No target in view!
No target in view!
No target in view!
No target in view!
HP restored.
c - a ring of positive energy
c - a ring of positive energy (left paw)
You start memorising the spell.
You continue memorising.
You finish memorising.
Spell assigned to 'a'.
A hobgoblin comes into view.
A hobgoblin is nearby!
A hobgoblin is nearby!
A hobgoblin is nearby!
Found a stone staircase leading down.
The helpless hobgoblin fails to defend itself.
You claw the hobgoblin!
You kill the hobgoblin!
No target in view!
No target in view!
No target in view!
No target in view!
No target in view!
No target in view!
A kobold comes into view. It is wielding a +0 short sword.
A kobold is nearby!
A kobold is nearby!
The kobold shouts!
The kobold barely misses you.
You closely miss the kobold. Your claw misses the kobold.
The kobold hits you with a +0 short sword.
You closely miss the kobold. You bite the kobold.
You kill the kobold!
You have reached level 2!
There is a stone staircase leading down here. 2 endoplasms come into view.
There are monsters nearby!
There are monsters nearby!
There are monsters nearby!
You pounce on the unaware helpless endoplasm!
You claw the endoplasm!
You kill the endoplasm!
The endoplasm quivers.
You scratch the endoplasm.
You kill the endoplasm!
No target in view!
No target in view!
No target in view!
No target in view!
No target in view!
No target in view!
No target in view!
An endoplasm comes into view.
An endoplasm is nearby!
An endoplasm is nearby!
You pounce on the unaware helpless endoplasm!
You claw the endoplasm!
You kill the endoplasm!
No target in view!
No target in view!
No target in view!
No target in view!
No target in view!
An endoplasm comes into view.
An endoplasm is nearby!
An endoplasm is nearby!
The endoplasm quivers.
The endoplasm misses you.
You scratch the endoplasm but do no damage.
You bite the endoplasm.
The endoplasm is moderately wounded.
The endoplasm hits you.
You scratch the endoplasm. You bite the endoplasm.
You kill the endoplasm!
No target in view!
No target in view!
No target in view!
Found a stone staircase leading down.
There is a stone staircase leading down here.
There is a stone staircase leading down here.
A goblin comes into view. It is wielding a +0 club.
The goblin shouts!
A goblin is nearby!
The goblin misses you.
You scratch the goblin.
You kill the goblin!
No target in view!
No target in view!
No target in view!
No target in view!
No target in view!
No target in view!
No target in view!
No target in view!
You see here a +0 club.
There is a shaft here.
There is a shaft here.
A goblin comes into view. It is wielding a +0 dagger.
A goblin is nearby!
A goblin is nearby!
The goblin shouts!
You scratch the goblin.
You kill the goblin!
No target in view!
No target in view!
No target in view!
No target in view!
No target in view!
No target in view!
A kobold is nearby!
A kobold is nearby!
No target in view!
No target in view!
No target in view!
No target in view!
No target in view!
No target in view!
No target in view!
No target in view!
No target in view!
A kobold is nearby!
The kobold shouts!
The kobold throws a stone.
The stone hits you. The kobold closely misses you.
You scratch the kobold.
You kill the kobold!
Your Stealth skill increases to level 2!
No target in view!
No target in view!
No target in view!
No target in view!
No target in view!
No target in view!
No target in view!
No target in view!
A ball python comes into view.
A ball python is nearby!
A ball python is nearby!
The helpless ball python fails to defend itself.
You claw the ball python!
You kill the ball python!
No target in view!
No target in view!
No target in view!
No target in view!
No target in view!
No target in view!
A goblin comes into view. It is wielding a +0 dagger.
A goblin is nearby!
A goblin is nearby!
The helpless goblin fails to defend itself.
You scratch the goblin.
You kill the goblin!
No target in view!
No target in view!
No target in view!
No target in view!
No target in view!
No target in view!
d - 2 scrolls labelled UMMEH OWNE A hobgoblin comes into view.
A hobgoblin is nearby!
The hobgoblin barely misses you.
You claw the hobgoblin!
You kill the hobgoblin!
Training target 2.0 for Dodging reached!
Your Dodging skill increases to level 2!
No target in view!
No target in view!
No target in view!
No target in view!
No target in view!
No target in view!
No target in view!
No target in view!
A rat comes into view.
A rat is nearby!
A rat is nearby!
The rat squeaks loudly.
You closely miss the rat. You claw the rat!
You kill the rat!
No target in view!
No target in view!
No target in view!
No target in view!
A bat comes into view.
A bat is nearby!
A bat is nearby!
A jackal comes into view.
Found a murky pink potion, a book of Touch and 3 gold pieces.
The jackal barks!
You hear a bark!
The bat hits you. The bat barely misses you.
You closely miss the bat. The bat completely misses you.
The bat hits you but does no damage. The bat misses you.
A jackal comes into view.
You barely miss the bat. Your claw misses the bat. Your bite misses the bat.
The bat barely misses you. The bat misses you.
You scratch the bat.
The bat is severely wounded.
The bat hits you. The bat misses you. x2
You miss the bat.
The bat is severely wounded.
The bat barely misses you.
You scratch the bat.
You kill the bat!
You closely miss the jackal. Your bite misses the jackal.
A jackal comes into view.
The jackal barely misses you.
The jackal barks!
You scratch the jackal but do no damage.
You bite the jackal.
The jackal is almost dead.
The jackal barely misses you. The jackal misses you.
You scratch the jackal.
You kill the jackal!
A jackal comes into view.
You scratch the jackal but do no damage.
The jackal misses you.
You closely miss the jackal. You bite the jackal, but do no damage.
The jackal closely misses you.
You scratch the jackal. You bite the jackal, but do no damage.
The jackal is heavily wounded.
The jackal barely misses you. The jackal closely misses you.
You closely miss the jackal.
The jackal is heavily wounded.
The jackal bites you.
You barely miss the jackal.
The jackal is heavily wounded.
The jackal misses you.
You scratch the jackal.
You kill the jackal!
Your Necromancy skill increases to level 1!
You miss the jackal. The jackal bites you.
You closely miss the jackal. The jackal closely misses you.
The jackal bites you.
You closely miss the jackal. Your bite misses the jackal.
The jackal pauses to sniff the ground.
The jackal barely misses you.
You completely miss the jackal. The jackal barely misses you.
You closely miss the jackal.
The jackal bites you but does no damage.
The jackal barely misses you.
You scratch the jackal.
The jackal is almost dead.
The jackal barely misses you.
You scratch the jackal.
You kill the jackal!
You scratch the jackal.
The jackal is heavily wounded.
The jackal closely misses you.
You scratch the jackal. You claw the jackal.
You kill the jackal!
You have reached level 3!
Your experience leads to an increase in your attributes!
Increase (S)trength, (I)ntelligence, or (D)exterity?
You feel clever. x2
Items here: †††††.
e - a murky pink potion You now have 29 gold pieces (gained 11).
You pick up a book of Touch and begin reading...
You add the spells Kiss of Death, Confusing Touch and Dispel Undead to your library.
Okay, then.
You now have 32 gold pieces (gained 3).
A goblin comes into view. It is wielding a +0 dagger.
A goblin is nearby!
A goblin is nearby!
The goblin shouts!
You barely miss the goblin. The goblin closely misses you.
You barely miss the goblin. The goblin misses you.
You scratch the goblin but do no damage.
You bite the goblin.
The goblin is severely wounded.
The goblin completely misses you.
You completely miss the goblin.
The goblin is severely wounded.
The goblin hits you with a +0 dagger.
You barely miss the goblin.
The goblin is severely wounded.
The goblin hits you with a +0 dagger.
You miss the goblin. You bite the goblin.
You kill the goblin!
No target in view!
Things that are here:
a +0 dagger; a goblin corpse
There is a stone staircase leading down here.
There is a stone staircase leading down here.
You see here a ball python skeleton.
Things that are here:
a +0 whip; a stone Done exploring.
Done exploring.
Done exploring.
Nothing quivered!
Done exploring.
Done exploring.
Done exploring.
Things that are here:
a +0 whip; a stone You see here a ball python skeleton.
There is a stone staircase leading down here.
You climb downwards.
There is a stone staircase leading up here.
A ball python comes into view.
A ball python is nearby!
The ball python hisses angrily.
The ball python barely misses you. The ball python completely misses you.
The ball python misses you.
The ball python writhes in agony.
The ball python closely misses you. The ball python barely misses you.
You claw the ball python!
You kill the ball python!
No target in view!
No target in view!
Magic restored.
You see here a ball python corpse.
Found a dagger and a hand axe.
A quokka comes into view.
A quokka is nearby!
The quokka twitches its whiskers.
The quokka completely misses you.
You scratch the quokka but do no damage.
The quokka completely misses you.
You barely miss the quokka. Your bite misses the quokka. The quokka misses you.
You scratch the quokka but do no damage.
You bite the quokka.
The quokka is lightly wounded.
The quokka bites you.
You claw the quokka!
You kill the quokka!
No target in view!
No target in view!
Things that are here:
a +0 dagger; a quokka corpse You see here a +0 hand axe.
An endoplasm comes into view.
The endoplasm quivers.
An endoplasm is nearby!
The endoplasm completely misses you.
You scratch the endoplasm.
The endoplasm is heavily wounded.
The endoplasm misses you.
You scratch the endoplasm.
The endoplasm is almost dead.
The endoplasm completely misses you.
You scratch the endoplasm.
You kill the endoplasm!
No target in view!
Found a faded altar of an unknown god.
A kobold comes into view. It is wielding a +0 whip.
The kobold shouts!
A kobold is nearby!
A kobold is nearby!
The kobold struggles to resist.
The kobold writhes in agony.
You kill the kobold!
The dead are walking!
No target in view!
Found 4 boomerangs.
Your kobold skeleton crumbles into dust!
Found a ring mail.
An endoplasm comes into view.
The endoplasm quivers.
The endoplasm struggles to resist.
The endoplasm barely misses you.
You scratch the endoplasm.
You kill the endoplasm!
No target in view!
Found a dagger.
A hobgoblin comes into view.
A hobgoblin is nearby!
A ball python comes into view.
The hobgoblin struggles to resist.
The hobgoblin writhes in agony.
The ball python hisses angrily.
The hobgoblin misses you.
You miscast Necrotise.
You are very lightly contaminated with residual magic.
Nothing appears to happen.
The hobgoblin closely misses you.
The hobgoblin writhes in agony.
The hobgoblin closely misses you.
You scratch the hobgoblin.
You kill the hobgoblin!
Found Nolusef's Antique Weapon Shoppe.
The ball python bites you but does no damage.
You barely miss the ball python. The ball python closely misses you.
The ball python barely misses you.
You barely miss the ball python.
The ball python bites you but does no damage.
The ball python grabs you. The ball python constricts you.
The ball python bites you but does no damage.
The ball python constricts you.
You barely miss the ball python.
The ball python bites you but does no damage.
The ball python constricts you.
You scratch the ball python but do no damage.
The ball python bites you. The ball python constricts you.
Your magical contamination has completely faded away.
You scratch the ball python.
The ball python is moderately wounded.
The ball python completely misses you. The ball python constricts you.
You barely miss the ball python.
The ball python is moderately wounded.
The ball python bites you. The ball python constricts you.
You are too injured to fight recklessly!
You are too injured to fight recklessly!
You are too injured to fight recklessly!
You closely miss the ball python.
The ball python is moderately wounded.
The ball python bites you.
* * * LOW HITPOINT WARNING * * *
The ball python constricts you.
* * * LOW HITPOINT WARNING * * *
You scratch the ball python.
You kill the ball python!
HP restored.
A rat comes into view.
Found a leather armour.
You see here a bubbling black potion.
A rat is nearby!
The rat squeaks loudly.
The rat writhes in agony.
You kill the rat!
The dead are walking!
f - a bubbling black potion
There is an entrance to Nolusef's Antique Weapon Shoppe here.
Found a ring mail.
A bat comes into view.
Your rat skeleton crumbles into dust!
A bat is nearby!
A bat is nearby!
The bat misses you. The bat barely misses you.
You claw the bat!
You kill the bat!
No target in view!
No target in view!
g - a scroll labelled PUCUNO ATYSU
Found a stone staircase leading up.
h - a scroll labelled HIHAZA TIOZXU
Found an escape hatch in the ceiling.
Sigmund the Dreaded comes into view.
He is wielding a +0 scythe, wearing a +1 robe of fire resistance and carrying a wand of warping.
Sigmund shouts!
You hear an angry hiss.
Sigmund asks, "Do you like me?"
Sigmund moves out of view.
You see here 5 gold pieces.
A ball python comes into view.
The ball python hisses angrily.
Sigmund zaps a wand.
Space twists violently!
The rupture engulfs you!
You blink.
Ouch! That really hurt!
* * * LOW HITPOINT WARNING * * *
Sigmund hits you with a +0 scythe!
* * * LOW HITPOINT WARNING * * *
Sigmund gestures at you while chanting.
You are confused.
Sigmund attacks as he pursues you! Sigmund misses you.
You bump into the rock wall.
The ball python closely misses you. The ball python barely misses you.
The ball python attacks as it pursues you!
The ball python misses you. The ball python grabs you.
The ball python constricts you.
* * * LOW HITPOINT WARNING * * *
Sigmund attacks as he pursues you!
Sigmund hits you from afar with a +0 scythe!
Ouch! That really hurt!
You die...
Sigmund begins carving another notch in his scythe.
Ignis goes out, and joins you in death.

## #.#
#############.# ##
#...@S@.$....###.#
#.####......#.#.#
##.##......######
#...#.#.#........
.........#.#######
.##...#.#.#.# #.
##.##.....# .
#.####.#########
.. #..........


You could see Sigmund and a ball python.

Vanquished Creatures
  4 bats
  6 endoplasms
  4 goblins (D:1)
  3 hobgoblins
  4 jackals (D:1)
  A quokka (D:2)
  4 ball pythons
  A frilled lizard (D:1)
  5 kobolds
  2 rats
34 creatures vanquished.

Notes
Turn   | Place    | Note
-------+----------+-------------------------------------------
     0 | D:1      | sleeves the Felid Cinder Acolyte began the quest for the
                  | Orb.
     0 | D:1      | Reached XP level 1. HP: 12/12 MP: 3/3
    87 | D:1      | Reached skill level 1 in Stealth
   130 | D:1      | Reached skill level 1 in Dodging
   130 | D:1      | HP: 5/12 [kobold/+0 dagger (4)]
   138 | D:1      | HP: 2/12 [kobold/+0 dagger (2)]
   139 | D:1      | Slain by a kobold
   139 | D:1      | Lost a life (0 lives remaining)
   223 | D:1      | Learned a level 1 spell: Necrotise
   247 | D:1      | Reached XP level 2. HP: 11/16 MP: 4/4
   449 | D:1      | Reached skill level 2 in Stealth
   550 | D:1      | Reached skill level 2 in Dodging
   588 | D:1      | Reached skill level 1 in Necromancy
   597 | D:1      | Reached XP level 3. HP: 16/20 MP: 5/5
   909 | D:2      | Found a faded altar of an unknown god.
  1023 | D:2      | Found Nolusef's Antique Weapon Shoppe.
  1030 | D:2      | HP: 10/20 [ball python (1)]
  1192 | D:2      | Noticed Sigmund
  1199 | D:2      | HP: 9/20 [Sigmund/rupture (11)]
  1200 | D:2      | HP: 2/20 [Sigmund/+0 scythe (8)]
  1206 | D:2      | HP: 2/20 [constriction (1)]
  1206 | D:2      | Mangled by Sigmund

Illustrated notes

Levels and vault maps discovered:
D:1:      psy_arrival_basics, layout_loops_ring
D:2:      layout_loops_ring, serial_shops, shop,
          hellmonk_ecumenical_altar_zigzags, uniq_sigmund

Skill      XL: |  1  2 |
---------------+-------+-----
Stealth        | 1 2 |  2.7
Dodging        | 1 2 |  2.0
Necromancy     | 1 |  1.4
Fighting       | |  3.0
Unarmed Combat | |  3.0
Spellcasting   | |  1.0
Fire Magic     | |  2.6

Action                     || total
---------------------------++-------
  Melee: Unarmed           ||    89
         Bite              ||     9
         Punch             ||     1
   Cast: Necrotise         ||     8
   Stab: Sleeping          ||     7
 Armour: Skin              ||    49
  Dodge: Dodged            ||    71

Table legend: (Time is in decaauts)
 A = Elapsed time spent in this place.
 B = Non-inter-level travel time spent in this place.
 C = Inter-level travel time spent in this place.
 D = Time resting spent in this place.
 E = Time spent auto-exploring this place.
 F = Levels seen in this place.
 G = Mean time per level.
                   A        B        C        D        E       F      G
               +--------+--------+--------+--------+--------+-----+--------+
         Total |   1200 |   1162 |     38 |      0 |    889 |   2 |  600.0 |
       Dungeon |   1200 |   1162 |     38 |      0 |    889 |   2 |  600.0 |
               +--------+--------+--------+--------+--------+-----+--------+

Top non-repeatable levels by time:
     D:1: 859 daAuts
     D:2: 340 daAuts
